 Dungeon Crawl Stone Soup version 0.27-a0-1512-g99fd57b (webtiles) character file.

Game seed: 17047621520286674632

9 ChanningTatum the Sneak (level 2, 0/22 HPs)
             Began as a Demonspawn Brigand on July 9, 2021.
             Slain by a ball python (1 damage)
             ... on level 1 of the Dungeon.
             The game lasted 00:02:42 (284 turns).

ChanningTatum the Sneak (Demonspawn Brigand)         Turns: 284, Time: 00:02:43

Health: 0/22       AC:  4    Str: 11    XL:     2   Next: 3%
Magic:  2/2        EV:  8    Int: 12    God:
Gold:   2          SH:  0    Dex: 14    Spells: 1/1 levels left

rFire    . . .     SeeInvis .   a - +2 dagger
rCold    . . .     Faith    .   (no shield)
rNeg     . . .     Spirit   .   b - +0 robe
rPois    .         Reflect  .   (no helmet)
rElec    .         Harm     .   c - +0 cloak
rCorr    .         Rampage  .   (no gloves)
Will     .....                  (no boots)
Stlth    +++.......             (no amulet)
HPRegen  0.07/turn              (no ring)
MPRegen  0.08/turn              (no ring)

@: constricted
A: sharp scales 1
a: no special abilities


You were on level 1 of the Dungeon.
You visited 1 branch of the dungeon, and saw 1 of its levels.

You collected 2 gold pieces.

Inventory:

Hand Weapons
 a - a +2 dagger (weapon)
Missiles
 d - 8 poisoned darts (quivered)
 e - 2 curare-tipped darts
Armour
 b - a +0 robe (worn)
 c - a +0 cloak (worn)
Potions
 f - a potion of cancellation {unknown}


   Skills:
 + Level 2.0 Fighting
 * Level 2.0 Short Blades
 + Level 1.7 Throwing
 * Level 0.9 Dodging
 + Level 3.9 Stealth


You had one spell level left.
You didn't know any spells.
Your spell library was empty.

Dungeon Overview and Level Annotations

Branches:
Dungeon (1/15)

Altars:


Innate Abilities, Weirdness & Mutations

You are partially covered in razor-sharp scales. (AC +1, Slay +1)


Message History

The jackal bites you.
You see here a +0 short sword.
You hit the jackal.
The jackal is severely wounded.
The jackal bites you but does no damage.
You barely miss the jackal. The jackal closely misses you. x2
The jackal bites you but does no damage.
You hit the jackal.
The jackal is almost dead.
The jackal bites you.
* * * LOW HITPOINT WARNING * * *
The jackal bites you but does no damage.
You hit the jackal.
You kill the jackal!
The jackal bites you but does no damage.
Your Short Blades skill increases to level 2!
You hit the jackal.
The jackal is heavily wounded.
The jackal bites you.
* * * LOW HITPOINT WARNING * * *
You miss the jackal.
The jackal is heavily wounded.
The jackal bites you but does no damage.
You miss the jackal. The jackal bites you.
* * * LOW HITPOINT WARNING * * *
The jackal bites you but does no damage.
The jackal bites you.
* * * LOW HITPOINT WARNING * * *
You hit the jackal.
You kill the jackal!
You have reached level 2!
Your demonic ancestry asserts itself...
Sharp scales grow over part of your body.
You hit the jackal.
The jackal is severely wounded.
The jackal misses you.
The jackal stops to sniff the ground.
The ball python bites you but does no damage.
The ball python grabs you.
You die...

#####>.........................
#..........)........###.....
#.###..##.#.#...............
#.#.#.......................
#####.#.#.###...................
#.............#.................
####..#.#.#...#.#...............
#...........h#...............
#.#....8...8@Sh..............
#.#.####'''####.†.......####.
#.#.#.........##.............
#...#.........#########......
###.#.........# #......
####.#≈...(...≈# #......
#....#≈.≈...≈.≈# #?S....
#....#≈.≈...≈.≈# #......
#..###≈.......≈# #......


You could see 2 jackals and a ball python.

Vanquished Creatures
  An endoplasm (D:1)
  A hobgoblin (D:1)
  2 jackals (D:1)
  A kobold (D:1)
  A ball python (D:1)
  A goblin (D:1)
  A rat (D:1)
8 creatures vanquished.

Notes
Turn   | Place    | Note
-------+----------+-------------------------------------------
     0 | D:1      | ChanningTatum the Demonspawn Brigand began the quest for
                  | the Orb.
     0 | D:1      | Reached XP level 1. HP: 16/16 MP: 1/1
   284 | D:1      | Gained mutation: You are partially covered in razor-sharp
                  | scales. (AC +1, Slay +1) [demonic ancestry]
   284 | D:1      | Reached XP level 2. HP: 1/22 MP: 2/2
   284 | D:1      | Slain by a ball python

Illustrated notes

Levels and vault maps discovered:
D:1:      scummos_arrival_gate, layout_basic, serial_shops, nicolae_diamond_shop

Skill      XL: |  1 |
---------------+----+-----
Short Blades   | 2 |  2.0
Fighting       | |  2.0
Throwing       | |  1.7
Dodging        | |  0.9
Stealth        | |  3.9

Action                   || total
-------------------------++-------
Melee: Dagger            ||    25
 Stab: Sleeping          ||     1
Armor: Robe              ||    12
Dodge: Dodged            ||    11

Table legend: (Time is in decaauts)
 A = Elapsed time spent in this place.
 B = Non-inter-level travel time spent in this place.
 C = Inter-level travel time spent in this place.
 D = Time resting spent in this place.
 E = Time spent auto-exploring this place.
 F = Levels seen in this place.
 G = Mean time per level.
                   A        B        C        D        E       F      G
               +--------+--------+--------+--------+--------+-----+--------+
         Total |    281 |    281 |      0 |      0 |    138 |   1 |  281.0 |
       Dungeon |    281 |    281 |      0 |      0 |    138 |   1 |  281.0 |
               +--------+--------+--------+--------+--------+-----+--------+

Top non-repeatable levels by time:
     D:1: 281 daAuts
